 Dungeon Crawl Stone Soup version 0.31-a0-702-gf82c85558f (webtiles) character file.

Game seed: 16880509997702331059

285 qw the Shooter (level 6, 0/38 HPs)
             Began as a Gargoyle Hunter on Sept 8, 2023.
             Slain by Dowan
             ... wielding a +0 dagger
              (4 damage)
             ... on level 4 of the Dungeon.
             The game lasted 00:00:57 (2352 turns).

qw the Shooter (Gargoyle Hunter)                    Turns: 2352, Time: 00:00:58

Health: 0/38       AC: 11    Str: 14    XL:     6   Next: 29%
Magic:  6/6        EV: 11    Int: 10    God:
Gold:   104        SH:  0    Dex: 15    Spells: 5/5 levels left

rFire   . . .        Y - +0 orcbow
rCold   . . .        (shield currently unavailable)
rNeg    + . .        d - +0 ring mail
rPois   inf          l - +0 helmet
rElec   +            (no cloak)
rCorr   .            (no gloves)
SInv    .            (no boots)
Will    .....        (no amulet)
Stlth   +            (no ring)
HPRegen 0.26/turn    (no ring)
MPRegen 0.10/turn

%: no passive effects
@: no status effects
A: sickness immunity, AC +4, negative energy resistance 1, electricity
resistance, torment resistance 1, petrification resistance
a: no special abilities


You were on level 4 of the Dungeon.
You visited 1 branch of the dungeon, and saw 4 of its levels.

You collected 104 gold pieces.


Innate Abilities, Weirdness & Mutations

You are immune to sickness and miasma.
Your stone body is resilient. (AC +4)
You are immune to poison.
You resist negative energy. (rN+)
You are resistant to electric shocks. (rElec)
You are resistant to unholy torment.
You are immune to petrification.


   Skills:
 + Level 3.8 Fighting
 - Level 6.0 Ranged Weapons
 - Level 3.0 Armour
 - Level 1.5 Dodging
 - Level 1.1 Stealth


You had 5 spell levels left.
You didn't know any spells.
Your spell library was empty.

Inventory:

Hand Weapons
 Y - a +0 orcbow (weapon)
Armour
 d - a +0 ring mail (worn)
 l - a +0 helmet (worn)
Scrolls
 c - a scroll of amnesia {unknown}
 h - a scroll of silence {unknown}
 i - 2 scrolls of identify
 j - a scroll of enchant weapon {unknown}
Potions
 a - a potion of might
 b - a potion of enlightenment
 e - a potion of cancellation {unknown}
 f - a potion of curing {unknown}
 k - a potion of mutation {unknown}
 m - a potion of invisibility {unknown}

Dungeon Overview and Level Annotations

Branches:
Dungeon (4/15)
 Temple: D:4-7

Altars:
Kikubaaqudgha
Makhleb

Shops:
D:2 (

Annotations:
D:4 Dowan


Message History

Duvessa hits you but does no damage.
You shoot an arrow. The arrow barely misses Duvessa.
The arrow barely misses Dowan.
Your surroundings suddenly seem different.
Duvessa gestures with her weapon.
Enter note:
Enter note:
Enter note:
2346 |||
Found retreat position at 8,2 (floor) with 0 blocking monsters and 1 monsters attacking at destination at distance 8
2346 ||| RETREATING.
Enter note:
Enter note:
Enter note: Dowan mumbles some strange words.
Dowan blinks!
Enter note:
Enter note:
Enter note:
2348 |||
Found retreat position at 6,2 (floor) with 0 blocking monsters and 1 monsters attacking at destination at distance 6
2348 ||| Stepping ~*~*~tactically~*~*~ (retreating).
Duvessa hits you with a +0 short sword. Dowan barely misses you.
Enter note:
Enter note:
Enter note: You shoot an arrow.
The arrow hits Duvessa!
You kill Duvessa!
Dowan screams, "No!
No!"
Dowan seems to find hidden reserves of power!
Dowan hits you with a +0 dagger. Dowan hits you but does no damage.
Your Armour skill gained 3 levels and is now at level 3!
You have reached level 6!
You shoot an arrow. The arrow misses Dowan.
Dowan hits you but does no damage.
You shoot an arrow. The arrow closely misses Dowan.
Dowan barely misses you.
Dowan says, "Her death will not be in vain!"
Dowan barely misses you. Dowan hits you but does no damage.
You shoot an arrow. The arrow closely misses Dowan.
Dowan hits you but does no damage. Dowan hits you with a +0 dagger.
You die...

#...................
#.........##..##...# #
#................. ..
##................ ...
#...##.##.###....# ....
...##...##.##....##.....
..##.....#####.....<...#
..#.......#.###..#
......_.......#.@####
..#.......#....e.)..###
..##.....##...........#
...##...##..........###
....##.##.........###
..............(..##
..............####
.....##...>...# .#...
##...####


You could see Dowan (fast).

Vanquished Creatures
  Duvessa (D:4)
  An orc priest (D:3)
  A jelly (D:3)
  5 adders
  A worm (D:2)
  3 orcs (D:3)
  5 ball pythons
  6 endoplasms
  2 giant cockroaches
  7 goblins
  A hobgoblin (D:1)
  12 jackals
  3 quokkas
  7 bats
  4 frilled lizards
  9 kobolds
  2 rats
70 creatures vanquished.

Notes
Turn   | Place    | Note
-------+----------+-------------------------------------------
     0 | D:1      | qw the Gargoyle Hunter began the quest for the Orb.
     0 | D:1      | Reached XP level 1. HP: 12/12 MP: 1/1
     0 | D:1      | 0 ||| qw: Version: 0.3-a-76-g4403597
     0 | D:1      | 0 ||| qw: Game counter: 1152
     0 | D:1      | 0 ||| qw: Melee chars always use a shield: true
     0 | D:1      | 0 ||| qw: God list: Okawaru
     0 | D:1      | 0 ||| qw: Allow faded altars: false
     0 | D:1      | 0 ||| qw: Do Orc after clearing Dungeon:15 true
     0 | D:1      | 0 ||| qw: Do second Lair branch before Depths: true
     0 | D:1      | 0 ||| qw: Lair rune preference: random
     0 | D:1      | 0 ||| qw: Goals: Normal
     0 | D:1      | 0 ||| PLANNING D:1-11
    75 | D:1      | Reached XP level 2. HP: 13/17 MP: 2/2
   233 | D:1      | Reached XP level 3. HP: 21/21 MP: 3/3
   237 | D:1      | Reached skill level 5 in Ranged Weapons
   673 | D:1      | 673 ||| DROPPING +6 ring of intelligence.
   674 | D:1      | 674 ||| READING scroll labelled JEDURO SEMEBIU.
   678 | D:1      | 678 ||| DROPPING scroll of butterflies.
   729 | D:2      | Reached skill level 3 in Fighting
   760 | D:2      | Reached XP level 4. HP: 28/28 MP: 4/4
   793 | D:2      | Found Noxagg's Weapon Emporium.
  1251 | D:2      | Found a faded altar of an unknown god.
  1507 | D:2      | 1507 ||| READING scroll labelled SIUSAI ILAWO.
  1508 | D:2      | 1508 ||| READING scroll labelled DUW DYDGHUD.
  1509 | D:2      | 1509 ||| READING scroll labelled TIW PUCSOUNEKE.
  1510 | D:2      | 1510 ||| READING scroll labelled DOJEAZEUSK.
  1511 | D:2      | 1511 ||| READING scroll labelled TAPTIF TOOTI.
  1664 | D:3      | Found a burning altar of Makhleb.
  1682 | D:3      | Reached XP level 5. HP: 32/32 MP: 5/5
  1748 | D:3      | Reached skill level 6 in Ranged Weapons
  2025 | D:3      | 2025 ||| SWAPPING to +0 orcbow.
  2026 | D:3      | 2026 ||| DROPPING +0 shortbow of freezing.
  2152 | D:3      | 2152 ||| UPGRADING to +0 ring mail.
  2162 | D:3      | 2162 ||| DROPPING +0 leather armour.
  2163 | D:3      | 2163 ||| UPGRADING to +0 helmet.
  2168 | D:3      | 2168 ||| READING 2 scrolls labelled LAYRE FEPAOWK.
  2169 | D:3      | 2169 ||| DRINKING 2 smoky grey potions.
  2170 | D:3      | 2170 ||| READING 2 scrolls of identify.
  2170 | D:3      | 2170 ||| IDENTIFYING ruby potion
  2171 | D:3      | 2171 ||| DROPPING scroll of fog.
  2194 | D:4      | Found an ancient bone altar of Kikubaaqudgha.
  2328 | D:4      | Noticed Duvessa
  2328 | D:4      | Noticed Dowan
  2329 | D:4      | 2329 ||| RETREATING.
  2342 | D:4      | HP: 7/33 [Duvessa/+0 short sword (8)]
  2343 | D:4      | 2343 ||| READING scroll of teleportation.
  2346 | D:4      | 2346 ||| RETREATING.
  2348 | D:4      | 2348 ||| Stepping ~*~*~tactically~*~*~ (retreating).
  2348 | D:4      | HP: 8/33 [Duvessa/+0 short sword (1)]
  2349 | D:4      | Killed Duvessa
  2349 | D:4      | HP: 2/33 [Dowan/+0 dagger (6)]
  2350 | D:4      | Reached skill level 3 in Armour
  2350 | D:4      | Reached XP level 6. HP: 3/38 MP: 6/6
  2352 | D:4      | Slain by Dowan

Levels and vault maps discovered:
D:1:      wander_arrival_peaceful_grave, layout_loops_ring,
          nicolae_figureground_pulse
D:2:      layout_basic, shapermc_ecumenical_altar_mp_urbaneastern, serial_shops,
          nicolae_shop_tiny_glass
D:3:      layout_loops_cross, lemuel_doored_altar
D:4:      layout_cave_pools, lemuel_round_altar, uniq_duvessa

Skill      XL: |  1  2  3  4  5 |
---------------+----------------+-----
Ranged Weapons | 5 6 |  6.0
Fighting       | 3 |  3.8
Armour         | 3 |  3.0
Dodging        | |  1.5
Stealth        | |  1.1

Action                     |  1- 3 |  4- 6 || total
---------------------------+-------+-------++-------
   Fire: Shortbow          |   115 |    70 ||   185
         Orcbow            |       |    35 ||    35
    Use: Scroll            |     1 |     8 ||     9
         Potion            |       |     1 ||     1
 Armour: Leather armour    |    35 |     7 ||    42
         Ring mail         |       |    15 ||    15
  Dodge: Dodged            |    39 |    13 ||    52

Table legend:
 A = Non-vault XP
 B = Vault XP
 C = Vault XP percentage of total XP
 D = Non-vault monster count
 E = Vault monster count
 F = Vault count percentage of total count
                 A         B        C        D         E       F
            +---------+---------+-------+---------+---------+-------
      Total |     263 |     145 |  35.5 |      69 |       1 |   1.4
            +---------+---------+-------+---------+---------+-------
        D:1 |      56 |       0 |   0.0 |      32 |       0 |   0.0
        D:2 |      71 |       0 |   0.0 |      18 |       0 |   0.0
        D:3 |     132 |       0 |   0.0 |      17 |       0 |   0.0
        D:4 |       4 |     145 |  97.3 |       2 |       1 |  33.3
            +---------+---------+-------+---------+---------+-------
